 Dungeon Crawl Stone Soup version 0.29.1-1-gd02db6906a (webtiles) character file.

Game seed: 14476495389319233134

2596 Icepheonix32 the Skirmisher (level 9, -7/40 HPs)
             Began as a Spriggan Hunter on Sept 18, 2022.
             Was a Follower of Hepliaklqana.
             Mangled by a four-headed hydra (8 damage)
             ... on level 10 of the Dungeon.
             The game lasted 00:14:25 (6702 turns).

Icepheonix32 the Skirmisher (Spriggan Hunter)       Turns: 6702, Time: 00:14:26

Health: -7/40      AC:  3    Str:  7    XL:     9   Next: 33%
Magic:  8/10       EV: 25    Int: 10    God:    Hepliaklqana [*.....]
Gold:   807        SH:  0    Dex: 31    Spells: 7/8 levels left

rFire   . . .      SeeInvis +   a - +2 shortbow (chaos)
rCold   . . .      Faith    .   (shield currently unavailable)
rNeg    . . .      Spirit   .   F - +1 robe of Midwinter {Dex+2 Stlth+}
rPois   +          Reflect  .   (helmet restricted)
rElec   .          Harm     .   (no cloak)
rCorr   .          Rampage  .   (gloves unavailable)
Will    +....                   (boots unavailable)
Stlth   ++++......              (no amulet)
HPRegen 0.13/turn               g - +6 ring of dexterity
MPRegen 0.12/turn               x - ring of poison resistance

@: very quick
A: reduced essence, very small, no large weapons, unfitting armour, see
invisible, speed 3
a: Renounce Religion, Recall Ancestor, Ancestor Identity


You were on level 10 of the Dungeon.
You worshipped Hepliaklqana.
Hepliaklqana was aware of your devotion.
You visited 2 branches of the dungeon, and saw 9 of its levels.
You also visited: Sewer and Bailey.

You collected 807 gold pieces.

Inventory:

Hand Weapons
 a - a +2 shortbow of chaos (weapon)
 t - a +1 short sword of draining
Missiles
 j - a curare-tipped dart
 y - a silver boomerang
Armour
 F - the +1 robe of Midwinter (worn) {Dex+2 Stlth+}
   (You found it in a bailey)

   Dex:       It affects your dexterity (+2).
   Stlth:     It makes you more stealthy.
 G - a +2 robe
Jewellery
 g - a +6 ring of dexterity (left hand)
 i - a ring of magical power
 x - a ring of poison resistance (right hand)
 A - a ring of positive energy
Wands
 u - a wand of flame (32)
 v - a wand of quicksilver (9)
Scrolls
 b - a scroll of immolation
 e - 2 scrolls of noise
 h - 2 scrolls of teleportation
 o - a scroll of torment
 p - 4 scrolls of vulnerability
 s - a scroll of acquirement {unknown}
 w - a scroll of magic mapping
 z - a scroll of enchant weapon
 C - a scroll of fear {unknown}
Potions
 d - a potion of heal wounds
 f - a potion of magic
 k - a potion of ambrosia
 l - 3 potions of might {unknown}
 m - a potion of mutation {unknown}
 n - 2 potions of lignification {unknown}
 q - a potion of resistance
 r - 5 potions of flight
 B - a potion of cancellation {unknown}
 E - a potion of haste {unknown}
Miscellaneous
 c - a box of beasts
 D - a piece from Xom's chessboard (15/15)


   Skills:
 + Level 3.8 Fighting
 * Level 11.1 Ranged Weapons
 * Level 6.5 Dodging
 + Level 2.8 Stealth
 * Level 4.2 Evocations


You had 7 spell levels left.
You knew the following spells:

 Your Spells              Type           Power      Damage    Failure   Level
a - Summon Small Mammal   Summ           0%         N/A       36%         1

Your spell library contained the following spells:

 Spells                   Type           Power      Damage    Failure   Level
 Apportation              Tloc           0%         N/A       36%         1
 Necrotise                Necr           0%         1d4       36%         1
 Ensorcelled Hibernation  Hex/Ice        0%         N/A       50%         2
 Dazzling Flash           Conj/Hex       0%         N/A       75%         3
 Spider Form              Tmut/Pois      0%         N/A       75%         3
 Anguish                  Hex/Necr       0%         N/A       98%         4
 Animate Dead             Necr           0%         N/A       98%         4
 Agony                    Necr           0%         N/A       100%        5
 Silence                  Hex/Air        0%         N/A       100%        5
 Simulacrum               Ice/Necr       0%         N/A       100%        6
 Haunt                    Necr/Summ      0%         N/A       100%        7


Dungeon Overview and Level Annotations

Branches:
Dungeon (10/15)            Temple (1/1) D:6           Sewer (visited)
 Bailey (visited)
   Lair: D:8-11         Orc: D:9-12

Altars:
Ashenzari
Cheibriados
Dithmenos
Elyvilon
Fedhas
Gozag
Hepliaklqana
Kikubaaqudgha
Makhleb
Nemelex Xobeh
Okawaru
Qazlal
Ru
Sif Muna
Vehumet
Wu Jian
Xom
Zin
The Shining One

Annotations:
Temple 2 transporters


Innate Abilities, Weirdness & Mutations

Your life essence is reduced to manifest your ancestor. (-10% HP)
You are very small and have problems with some larger weapons.
You are too small for most types of armour.
You have supernaturally acute eyesight. (SInv)
You cover ground extremely quickly. (Speed+++)


Message History

There is an open door here.
You see here 2 boomerangs.
The sentinel's mark upon you fades away.
You see here a +0 robe.
There is a gate leading back out of this place here.
Welcome back to the Dungeon!
There is an empty arch of ancient stone here.
Things that are here:
a +0 hand axe; a goblin skeleton
Items here: )) รทรท.
You enter the shallow water.
Moving in this stuff is going to be slow.
You now have 807 gold pieces (gained 15).
l - 3 amethyst potions (gained 1)
You open the door.
There is an open door here.
An orc wizard comes into view. It is wielding a +0 dagger.
Tawil is recalled.
You shoot an arrow. The arrow hits the orc wizard.
The orc wizard is poisoned.
The orc wizard shouts!
The orc wizard is moderately wounded.
You hear a roar!
You hear a shout!
You shoot an arrow. The arrow hits the orc wizard!
The arrow burns the orc wizard.
You kill the orc wizard!
You hear a roar!
No target in view!
No target in view!
A four-headed hydra comes into view.
You shoot an arrow. The arrow hits the four-headed hydra!
The arrow burns the four-headed hydra.
The four-headed hydra is moderately wounded.
You shoot an arrow. The arrow hits the four-headed hydra!
The arrow burns the four-headed hydra.
The four-headed hydra is moderately wounded.
A killer bee comes into view.
The four-headed hydra bites you! x3
* * * LOW HITPOINT WARNING * * *
The four-headed hydra bites you!
You die...

,,,,****+***#...........#,**#....
,,,,****,,,,#...........#,,,,****
*,,,*,,*,,,,#...........+,*,,*,,,
,,,,*,,+,##,#...........#,,,,*,,,
,,,,*,,*,...#####'######.,,,,*,,*
*****,,,,................,,,,,,,,
,,,**,**,................,,,,,,**
,,,*,,***###....R........,,******
<,,*,,,* *#.####@.....y##**,** *,
,,,+,,,**#.*#..D#######..,**,***,
+***,,,**.#..#..*******,.*,,*,**,
,,,,*,,*,#.**###,,*,*,,*****,*,*,
,,,,,,,,**,**,,,**,,,**,,,**,**,,
,**,,,,,*,**,*,,,**,**,,,*,**,*,,
,,,,,,,,*,,*,,*,*,***,*,*,,*,,*,,
,,,,,,,,*,,*,,,***,,,***,,,*,,*,,
,,,,,,,,,**,*,***,,*,,***,*,**,,,


You could see the friendly Tawil the ancestor, a four-headed hydra (ally target)
and a killer bee.

Vanquished Creatures
  A gargoyle (D:6)
  Grinder (D:3)
  An ice beast (D:7)
  A sky beast (D:6)
  A black bear (D:4)
  5 orc warriors (Bailey)
  2 kobold brigands
  A bullfrog (D:6)
  A scorpion (D:6)
  A gnoll sergeant (D:6)
  3 howler monkeys
  3 hounds (D:5)
  2 gnoll boudas
  2 iguanas
  Natasha (thrice) (D:3)
  Terence (D:3)
  6 orc wizards
  10 gnolls
  14 adders
  A river rat (Sewer)
  A shadow imp (D:7)
  An ufetubus (D:4)
  4 worms
  2 dart slugs
  23 orcs
  3 bats (D:2)
  5 endoplasms
  2 giant cockroaches (D:1)
  10 goblins
  11 hobgoblins
  2 jackals (D:4)
  6 quokkas
  5 ball pythons
  6 frilled lizards
  23 kobolds
  18 rats
182 creatures vanquished.

Vanquished Creatures (collateral kills)
  An orc warrior (Bailey)
  A hobgoblin (Bailey)
2 creatures vanquished.

Vanquished Creatures (others)
  An ancestor (Bailey)
1 creature vanquished.

Grand Total: 185 creatures vanquished

Notes
Turn   | Place    | Note
-------+----------+-------------------------------------------
     0 | D:1      | Icepheonix32 the Spriggan Hunter began the quest for the
                  | Orb.
     0 | D:1      | Reached XP level 1. HP: 10/10 MP: 2/2
    81 | D:1      | Found a faded altar of an unknown god.
   236 | D:1      | Reached XP level 2. HP: 14/14 MP: 3/3
   619 | D:2      | Reached XP level 3. HP: 11/18 MP: 4/4
   958 | D:2      | Reached skill level 5 in Ranged Weapons
  1063 | D:2      | Got the Exposition on the Crypt
  1271 | D:2      | Reached XP level 4. HP: 23/23 MP: 5/5
  1716 | D:3      | Noticed Terence
  1725 | D:3      | Killed Terence
  1759 | D:3      | Noticed Grinder
  1776 | D:3      | Killed Grinder
  1777 | D:3      | Reached skill level 6 in Ranged Weapons
  1777 | D:3      | Reached XP level 5. HP: 27/27 MP: 6/6
  1777 | D:3      | Reached XP level 6. HP: 32/32 MP: 7/7
  1813 | D:3      | Found a glowing drain.
  1829 | Sewer    | Entered a sewer
  2276 | D:3      | Noticed Natasha
  2279 | D:3      | Killed Natasha
  2419 | D:3      | Noticed Natasha
  2426 | D:3      | Reached skill level 7 in Ranged Weapons
  2442 | D:3      | Killed Natasha
  2614 | D:3      | Noticed Natasha
  2617 | D:3      | Killed Natasha
  3110 | D:4      | Reached XP level 7. HP: 35/35 MP: 8/8
  3173 | D:4      | Reached skill level 5 in Dodging
  3579 | D:4      | Learned a level 1 spell: Summon Small Mammal
  3599 | D:4      | Reached skill level 8 in Ranged Weapons
  3931 | D:5      | Entered Level 5 of the Dungeon
  3998 | D:5      | Found a glowing silver altar of Zin.
  4064 | D:5      | Found a blossoming altar of Fedhas.
  4091 | D:5      | Reached skill level 1 in Evocations
  4184 | D:5      | Identified the +0 robe of Histrionic Surprise {Dex+6}
  4625 | D:5      | Reached XP level 8. HP: 39/39 MP: 9/9
  5007 | D:6      | Noticed a gargoyle
  5012 | D:6      | Killed a gargoyle
  5013 | D:6      | Reached skill level 9 in Ranged Weapons
  5090 | D:6      | Found a staircase to the Ecumenical Temple.
  5103 | Temple   | Entered the Ecumenical Temple
  5103 | Temple   | Found a transporter.
  5103 | Temple   | Found a transporter.
  5105 | Temple   | Found a transporter.
  5105 | Temple   | Found a transporter.
  5131 | Temple   | Became a worshipper of Hepliaklqana the Forgotten
  5474 | D:6      | Reached skill level 10 in Ranged Weapons
  6096 | D:7      | Reached XP level 9. HP: 44/44 MP: 10/10
  6141 | D:7      | You fall into a shaft and drop 3 floors!
  6141 | D:10     | Entered Level 10 of the Dungeon
  6156 | D:10     | Found a flagged portal.
  6188 | Bailey   | Entered a bailey
  6222 | Bailey   | Reached * piety under Hepliaklqana
  6288 | Bailey   | Identified the +1 robe of Midwinter {Dex+2 Stlth+}
  6475 | Bailey   | Reached skill level 11 in Ranged Weapons
  6700 | D:10     | Noticed a four-headed hydra
  6702 | D:10     | HP: 1/40 [four-headed hydra (15)]
  6702 | D:10     | Mangled by a four-headed hydra

Illustrated notes

Levels and vault maps discovered:
D:1:      dpeg_arrival_rooms_c, layout_basic, chequers_ecumenical_altar_island
D:2:      layout_loops_corners, minmay_fountain_box, minmay_misc_feat_roman,
          nicolae_figureground_sparkle
D:3:      layout_basic, cheibrodos_sewer_entry_drain, uniq_terence,
          uniq_natasha, uniq_grinder
D:4:      layout_gridville
D:5:      nicolae_BIG_FREAKIN_CUBE, layout_basic, zin_academy,
          mainiacjoe_overflow_catwalk
D:6:      layout_basic, minmay_temple_entry_antechambers
D:7:      layout_cave_pods, ebering_ghost_gozag
D:10:     minmay_ornate_pinched, layout_stronghold, kennysheep_mini,
          enter_bailey_3
Temple:   hellmonk_temple_divided_pantheon

Skill      XL: |  1  2  3  4  5  6  7  8  9 |
---------------+----------------------------+-----
Dodging        | 3 4 5 6 |  6.5
Ranged Weapons | 5 6 7 8 10 11 | 11.1
Fighting       | 2 3 |  3.8
Stealth        | 2 |  2.8
Evocations     | 1 3 4 |  4.2

Action                   |  1- 3 |  4- 6 |  7- 9 || total
-------------------------+-------+-------+-------++-------
 Fire: Shortbow          |    67 |   151 |   274 ||   492
Invok: Recall Ancestor   |       |       |     1 ||     1
  Use: Scroll            |       |     7 |     8 ||    15
       Potion            |       |       |     2 ||     2
Armor: Robe              |       |     2 |     6 ||     8
Dodge: Dodged            |    11 |    43 |    47 ||   101
